 Dungeon Crawl Stone Soup version 0.28.0-53-g5a82cb258f (webtiles) character file.

Game seed: 15985054038839795916

212 bnorton916 the Magician (level 5, -1/28 HPs)
             Began as a Deep Elf Fire Elementalist on Aug 10, 2022.
             Killed from afar by an orc wizard (9 damage)
             ... with a puff of flame
             ... on level 3 of the Dungeon.
             The game lasted 00:02:01 (3326 turns).

bnorton916 the Magician (DEFE)                      Turns: 3326, Time: 00:02:03

Health: -1/28      AC:  2    Str:  5    XL:     5   Next: 58%
Magic:  5/14       EV: 12    Int: 22    God:
Gold:   101        SH:  0    Dex: 15    Spells: 8/14 levels left

rFire   . . .      SeeInvis .   (no weapon)
rCold   . . .      Faith    .   (no shield)
rNeg    . . .      Spirit   .   a - +0 robe
rPois   .          Reflect  .   (no helmet)
rElec   .          Harm     .   (no cloak)
rCorr   .          Rampage  .   (no gloves)
Will    .....                   (no boots)
Stlth   ++........              (no amulet)
HPRegen 0.09/turn               (no ring)
MPRegen 0.14/turn               (no ring)

@: very slightly contaminated
A: no striking features
a: no special abilities


You were on level 3 of the Dungeon.
You visited 1 branch of the dungeon, and saw 3 of its levels.

You collected 101 gold pieces.

Inventory:

Hand Weapons
 h - a +4 falchion of holy wrath
Missiles
 b - 46 stones
 e - 6 poisoned darts
Armour
 a - a +0 robe (worn)
 g - a +0 leather armour of positive energy
Magical Staves
 c - a staff of death
Scrolls
 d - 3 scrolls of magic mapping {unknown}
Potions
 f - 2 potions of degeneration {unknown}


   Skills:
 - Level 2.4 Dodging
 - Level 2.4 Stealth
 + Level 5.1 Spellcasting
 + Level 3.5 Conjurations
 + Level 4.8 Fire Magic


You had 8 spell levels left.
You knew the following spells:

 Your Spells              Type           Power      Damage    Failure   Level
a - Foxfire               Conj/Fire      96%        2x1d8     1%          1
b - Scorch                Fire           52%        2d7       1%          2
c - Conjure Flame         Conj/Fire      24%        6-21      5%          3

Your spell library contained the following spells:

 Spells                   Type           Power      Damage    Failure   Level
 Animate Skeleton         Necr           10%        N/A       10%         1
 Pain                     Necr           20%        1d5       10%         1
 Inner Flame              Hex/Fire       16%        N/A       11%         3
 Flame Wave               Conj/Fire      24%        2d7       19%         4
 Vampiric Draining        Necr           5%         2d6       30%         3


Dungeon Overview and Level Annotations

Branches:
Dungeon (3/15)

Altars:
Wu Jian

Annotations:
D:3 2 transporters, Wentworth's ghost, amateur MiFi


Message History

The foxfire hits the orc.
The orc is lightly wounded.
The orc priest mumbles some strange prayers to Beogh against you.
You struggle to resist.
Casting: Foxfire (safe; 1% risk of failure)
Confirm with . or Enter, or press ? or * to list all spells.
You conjure some foxfire!
The foxfire hits the orc.
The orc is moderately wounded.
The foxfire hits the orc.
The orc is almost dead.
The orc misses you.
Casting: Foxfire (safe; 1% risk of failure)
Confirm with . or Enter, or press ? or * to list all spells.
You miscast Foxfire.
You are very lightly contaminated with residual magic.
Nothing appears to happen.
The orc barely misses you.
Casting: Foxfire (safe; 1% risk of failure)
Confirm with . or Enter, or press ? or * to list all spells.
You conjure some foxfire!
The orc hits you with a +0 dagger. The orc priest closely misses you.
The foxfire hits the orc wizard but does no damage.
The foxfire hits the orc priest!
You kill the orc priest!
The orc wizard is engulfed in a cloud of scalding steam.
Casting: Foxfire (safe; 1% risk of failure)
Confirm with . or Enter, or press ? or * to list all spells.
You conjure some foxfire!
The orc is engulfed in a cloud of scalding steam.
You kill the orc!
You hear a splash. x2
The orc wizard hits you with a +0 dagger.
* * * LOW HITPOINT WARNING * * *
The foxfire hits the orc wizard.
The orc wizard is heavily wounded.
The foxfire hits the orc wizard but does no damage.
The orc wizard is heavily wounded.
The orc wizard gestures at you while chanting.
The puff of flame hits you!
You die...

#####################
.............P......#
.....P..............#
≈≈≈≈≈≈≈≈≈≈≈≈≈≈≈≈....#
≈≈≈≈≈≈≈≈≈≈≈≈≈≈≈≈....#
≈≈≈≈≈≈≈≈≈#####≈≈§§..#
.........#.o.#≈≈@...#
##########..o#≈≈o)..#
#'###≈§....# #.
.≈≈≈)...# #.≈≈≈)...#
#.≈≈≈....# #.≈≈≈....#
#.≈≈≈..P.#


You could see an orc wizard.

Vanquished Creatures
  A howler monkey (D:3)
  An orc priest (D:3)
  A hound (D:3)
  Terence (D:2)
  2 adders (D:2)
  4 worms
  A dart slug (D:2)
  8 orcs
  3 endoplasms
  A goblin (D:2)
  10 jackals
  4 quokkas
  A ball python (D:1)
  5 bats
  2 frilled lizards
  A kobold (D:2)
  A quokka skeleton (D:2)
  5 rats
52 creatures vanquished.

Vanquished Creatures (others)
  271 foxfires
271 creatures vanquished.

Grand Total: 323 creatures vanquished

Notes
Turn   | Place    | Note
-------+----------+-------------------------------------------
     0 | D:1      | bnorton916 the Deep Elf Fire Elementalist began the quest
                  | for the Orb.
     0 | D:1      | Reached XP level 1. HP: 10/10 MP: 6/6
   539 | D:1      | Reached XP level 2. HP: 15/15 MP: 6/8
  1463 | D:2      | Reached XP level 3. HP: 19/19 MP: 6/10
  1466 | D:2      | Learned a level 2 spell: Scorch
  1470 | D:2      | Learned a level 3 spell: Conjure Flame
  1958 | D:2      | Reached skill level 4 in Spellcasting
  2231 | D:2      | Found a faded altar of an unknown god.
  2231 | D:2      | Noticed Terence
  2261 | D:2      | Killed Terence
  2262 | D:2      | Reached XP level 4. HP: 9/24 MP: 3/12
  2628 | D:2      | Found an ornate altar of the Wu Jian Council.
  2990 | D:3      | Found a transporter.
  2992 | D:3      | Noticed an ogre
  2993 | D:3      | Found a transporter.
  2994 | D:3      | Noticed Wentworth's ghost (amateur MiFi)
  3240 | D:3      | Reached XP level 5. HP: 28/28 MP: 11/14
  3315 | D:3      | Reached skill level 5 in Spellcasting
  3326 | D:3      | Killed from afar by an orc wizard

Illustrated notes

Levels and vault maps discovered:
D:1:      dpeg_arrival_concentric_ovals, layout_basic
D:2:      kennysheep_big_flooded_room, layout_basic, basic_altar,
          chequers_ecumenical_altar_island, minivault_24, uniq_terence
D:3:      lemuel_castle_with_subvaults [lemuel_castle_interior_carwin_1],
          layout_basic, gammafunk_ghost_smash, corexii_shack,
          lemuel_another_geyser

Skill      XL: |  1  2  3  4  5 |
---------------+----------------+-----
Conjurations   | 2 3 |  3.5
Fire Magic     | 4 |  4.8
Spellcasting   | 4 5 |  5.1
Dodging        | |  2.4
Stealth        | |  2.4

Action                   |  1- 3 |  4- 6 || total
-------------------------+-------+-------++-------
 Cast: Foxfire           |   100 |    55 ||   155
       Scorch            |     4 |     1 ||     5
Armor: Robe              |     4 |     1 ||     5
Dodge: Dodged            |     8 |     4 ||    12
